 Dungeon Crawl Stone Soup version 0.29-a0-553-g81b289dbe5 (webtiles) character file.

Game seed: 7115007948916081582

11034 HessuHobo the Blocker (level 11, -3/89 HPs)
             Began as a Gnoll Fighter on June 7, 2022.
             Slain by a seven-headed hydra (6 damage)
             ... on level 2 of the Lair of Beasts.
             The game lasted 00:20:37 (14272 turns).

HessuHobo the Blocker (Gnoll Fighter)              Turns: 14272, Time: 00:20:38

Health: -3/89      AC: 15    Str: 19    XL:     11   Next: 71%
Magic:  20/20      EV: 10    Int:  7    God:
Gold:   325        SH: 15    Dex: 13    Spells: 22/23 levels left

rFire   . . .      SeeInvis +   L - +5 trident (vamp)
rCold   . . .      Faith    .   e - +0 tower shield
rNeg    + . .      Spirit   .   d - +4 ring mail of Sauchaf {+Blink SInv Stlth-}
rPois   .          Reflect  .   s - +0 helmet
rElec   .          Harm     .   (no cloak)
rCorr   .          Rampage  .   A - +0 pair of gloves
Will    .....                   T - +0 pair of boots
Stlth   ++........              o - amulet of the acrobat
HPRegen 0.24/turn               g - +4 ring of slaying
MPRegen 0.17/turn               R - ring of positive energy

@: no status effects
A: fangs 1, strong nose, distributed training
a: Evoke Blink


You were on level 2 of the Lair of Beasts.
You visited 3 branches of the dungeon, and saw 13 of its levels.

You collected 475 gold pieces.
You spent 150 gold pieces at shops.

Inventory:

Hand Weapons
 L - a +5 vampiric trident (weapon)
 X - a +2 hunting sling of freezing
Missiles
 i - 44 poisoned darts (quivered)
 m - 3 throwing nets
 B - 6 javelins
 K - 2 curare-tipped darts
Armour
 c - a +0 buckler
 d - the +4 ring mail of Sauchaf (worn) {+Blink SInv Stlth-}
   (You found it on level 2 of the Dungeon)

   SInv:      It lets you see invisible.
   +Blink:    It lets you blink.
   Stlth:     It makes you less stealthy.
 e - a +0 tower shield (worn)
 s - a +0 helmet (worn)
 A - a +0 pair of gloves (worn)
 N - +0 steam dragon scales
 S - a +0 plate armour
 T - a +0 pair of boots (worn)
Magical Staves
 C - a staff of fire
Jewellery
 g - a +4 ring of slaying (left hand)
 o - an amulet of the acrobat (around neck)
 E - a ring of magical power
 Q - a ring of fire
 R - a ring of positive energy (right hand)
 V - a +6 ring of intelligence
Wands
 x - a wand of iceblast (11)
 F - a wand of charming (3)
 M - a wand of mindburst (14)
Scrolls
 f - 2 scrolls of vulnerability
 h - a scroll of enchant weapon
 k - a scroll of fear
 l - 10 scrolls of teleportation
 v - 3 scrolls of amnesia
 w - 2 scrolls of noise
 y - 3 scrolls of poison
 G - a scroll of magic mapping
 J - a scroll of blinking
 O - 2 scrolls of immolation
 U - a scroll of silence {unknown}
Potions
 n - 4 potions of mutation
 q - 2 potions of brilliance
 r - a potion of flight
 t - a potion of haste {unknown}
 u - 4 potions of heal wounds
 z - a potion of might
 D - 6 potions of curing
 P - a potion of berserk rage {unknown}
 Y - a potion of magic {unknown}
 Z - a potion of ambrosia
Miscellaneous
 W - a tin of tremorstones (2/2)


   Skills:
 + Level 9.3 Fighting
 + Level 6.5 Short Blades
 + Level 6.5 Long Blades
 + Level 8.1 Axes
 + Level 6.5 Maces & Flails
 + Level 6.5 Polearms
 + Level 6.5 Staves
 + Level 6.5 Slings
 + Level 6.5 Bows
 + Level 6.5 Crossbows
 + Level 6.5 Throwing
 + Level 9.3 Armour
 + Level 6.5 Dodging
 + Level 6.5 Stealth
 + Level 9.3 Shields
 + Level 6.5 Unarmed Combat
 + Level 6.5 Spellcasting
 + Level 5.4 Conjurations
 + Level 5.4 Hexes
 + Level 5.4 Summonings
 + Level 5.4 Necromancy
 + Level 5.4 Translocations
 + Level 5.4 Transmutations
 + Level 5.4 Fire Magic
 + Level 5.4 Ice Magic
 + Level 5.4 Air Magic
 + Level 5.4 Earth Magic
 + Level 5.4 Poison Magic
 + Level 7.2 Invocations
 + Level 6.5 Evocations


You had 22 spell levels left.
You knew the following spells:

 Your Spells              Type           Power      Damage    Failure   Level
a - Apportation           Tloc           18%        N/A       28%         1

Your spell library contained the following spells:

 Spells                   Type           Power      Damage    Failure   Level
 Scorch                   Fire           18%        2d5       38%         2
 Ignite Poison            Fire/Tmut/Pois 9%         N/A       63%         3
 Mephitic Cloud           Conj/Pois/Air  9%         N/A       63%         3
 Flame Wave               Conj/Fire      9%         2d5       95%         4
 Alistair's Intoxication  Tmut/Pois      6%         N/A       100%        5
 Freezing Cloud           Conj/Ice/Air   4%         6-21      100%        5
 Summon Cactus Giant      Summ           4%         N/A       100%        6


Dungeon Overview and Level Annotations

Branches:
Dungeon (10/15)            Temple (1/1) D:5            Lair (2/6) D:9
  Swamp: Lair:2-4    Shoals: Lair:2-4     Snake: Lair:2-4    Spider: Lair:2-4
    Orc: D:9-12

Altars:
Dithmenos
Elyvilon
Fedhas
Gozag
Hepliaklqana
Qazlal
Sif Muna
Trog
Uskayaw
Vehumet
Xom
Yredelemnul
Zin

Shops:
D:3 (   D:6 ?

Annotations:
D:2 exclusion: downstairs


Innate Abilities, Weirdness & Mutations

You have very sharp teeth.
Your uncanny sense of smell can sniff out nearby items.
Your experience applies equally to all skills.


Message History

The seven-headed hydra bites you. x2
You block the seven-headed hydra's attack.
The seven-headed hydra bites you but does no damage.
The seven-headed hydra bites you.
You puncture the seven-headed hydra!
You feel better.
The seven-headed hydra is almost dead.
You block the seven-headed hydra's attack.
The seven-headed hydra bites you but does no damage.
You block the seven-headed hydra's attack.
The seven-headed hydra closely misses you.
The seven-headed hydra bites you!
You block the seven-headed hydra's attack.
The seven-headed hydra misses you.
You barely miss the seven-headed hydra.
The seven-headed hydra is almost dead.
You block the seven-headed hydra's attack.
The seven-headed hydra bites you but does no damage.
The seven-headed hydra barely misses you.
The seven-headed hydra bites you!
The seven-headed hydra bites you but does no damage.
You block the seven-headed hydra's attack.
The seven-headed hydra misses you.
The seven-headed hydra bites you but does no damage.
You block the seven-headed hydra's attack. x2
The seven-headed hydra bites you.
* * * LOW HITPOINT WARNING * * *
The seven-headed hydra bites you.
* * * LOW HITPOINT WARNING * * *
You block the seven-headed hydra's attack.
The seven-headed hydra bites you.
* * * LOW HITPOINT WARNING * * *
You hit the seven-headed hydra.
You feel better.
The seven-headed hydra is almost dead.
You block the seven-headed hydra's attack. x2
The seven-headed hydra bites you!
* * * LOW HITPOINT WARNING * * *
The seven-headed hydra bites you!
* * * LOW HITPOINT WARNING * * *
The seven-headed hydra bites you.
You die...

#...## ##..# #...#
#..# ##...# ###
#.###
#....#####.#####...#
#P...............###
.....†...........P#
...P#..#........).#
..#######...##.†<##
...# #...####@##
..### ###...###D..#
..###.#P.........##
.................#
.#.# ##P....#.####
####.#### #..# ##.#
...


You could see a seven-headed hydra.

Vanquished Creatures
  A two-headed ogre (D:9)
  9 cane toads
  Maggie (D:7)
  A rime drake (Lair:1)
  A troll (D:5)
  Sigmund (D:2)
  6 yaks (Lair:1)
  A wyvern (D:8)
  2 basilisks (Lair:1)
  Grum (Lair:1)
  An acid dragon (D:7)
  A water moccasin (Lair:1)
  2 orc warriors
  2 black bears
  An ice beast (D:6)
  4 centaurs
  18 wolves
  3 ogres
  A phantom (D:5)
  3 kobold brigands
  A necrophage (D:4)
  6 bullfrogs
  A scorpion (D:4)
  5 gnoll sergeants
  5 wights (D:8)
  2 howler monkeys
  A jelly (D:5)
  3 gnoll shamans (D:6)
  4 orc priests
  11 hounds
  5 iguanas
  Natasha (twice) (D:3)
  10 orc wizards
  Robin (D:3)
  4 adders
  30 gnolls
  2 white imps (D:8)
  4 worms
  2 dart slugs (D:1)
  31 orcs
  6 ball pythons
  7 endoplasms
  4 giant cockroaches
  8 hobgoblins
  11 jackals
  22 kobolds
  A quokka (D:4)
  6 bats
  14 goblins
  9 rats
278 creatures vanquished.

Vanquished Creatures (others)
  An orc wizard (D:9)
  2 bushes (Lair:2)
  22 fungi
  9 plants
34 creatures vanquished.

Grand Total: 312 creatures vanquished

Notes
Turn   | Place    | Note
-------+----------+-------------------------------------------
     0 | D:1      | HessuHobo the Gnoll Fighter began the quest for the Orb.
     0 | D:1      | Reached XP level 1. HP: 23/23 MP: 1/1
    84 | D:1      | Reached XP level 2. HP: 19/29 MP: 2/2
   849 | D:1      | Reached XP level 3. HP: 35/35 MP: 3/3
  1347 | D:2      | Reached skill level 1 in Invocations
  1357 | D:2      | Reached skill level 1 in Short Blades
  1357 | D:2      | Reached skill level 1 in Long Blades
  1357 | D:2      | Reached skill level 1 in Maces & Flails
  1357 | D:2      | Reached skill level 1 in Polearms
  1357 | D:2      | Reached skill level 1 in Staves
  1357 | D:2      | Reached skill level 1 in Slings
  1357 | D:2      | Reached skill level 1 in Bows
  1357 | D:2      | Reached skill level 1 in Crossbows
  1357 | D:2      | Reached skill level 1 in Throwing
  1357 | D:2      | Reached skill level 1 in Dodging
  1357 | D:2      | Reached skill level 1 in Stealth
  1357 | D:2      | Reached skill level 1 in Unarmed Combat
  1357 | D:2      | Reached skill level 1 in Spellcasting
  1357 | D:2      | Reached skill level 1 in Evocations
  1361 | D:2      | Reached XP level 4. HP: 15/41 MP: 5/5
  1726 | D:2      | Identified the +4 ring mail of Sauchaf {+Blink SInv Stlth-}
  1787 | D:2      | Found a faded altar of an unknown god.
  1958 | D:2      | Reached skill level 1 in Conjurations
  1958 | D:2      | Reached skill level 1 in Hexes
  1958 | D:2      | Reached skill level 1 in Summonings
  1958 | D:2      | Reached skill level 1 in Necromancy
  1958 | D:2      | Reached skill level 1 in Translocations
  1958 | D:2      | Reached skill level 1 in Transmutations
  1958 | D:2      | Reached skill level 1 in Fire Magic
  1958 | D:2      | Reached skill level 1 in Ice Magic
  1958 | D:2      | Reached skill level 1 in Air Magic
  1958 | D:2      | Reached skill level 1 in Earth Magic
  1958 | D:2      | Reached skill level 1 in Poison Magic
  2285 | D:2      | Noticed Sigmund
  2291 | D:2      | Killed Sigmund
  2292 | D:2      | Reached XP level 5. HP: 20/47 MP: 5/7
  2292 | D:2      | Reached XP level 6. HP: 23/53 MP: 5/8
  2683 | D:3      | Reached skill level 5 in Axes
  3213 | D:4      | Reached XP level 7. HP: 15/59 MP: 10/10
  3627 | D:3      | Noticed Robin
  3640 | D:3      | Killed Robin
  3721 | D:3      | Found Wulixa's Weapon Shop.
  3759 | D:3      | Noticed Natasha
  3770 | D:3      | Killed Natasha
  3780 | D:3      | Noticed Natasha
  3785 | D:3      | Killed Natasha
  4848 | D:4      | Reached XP level 8. HP: 57/67 MP: 12/12
  5185 | D:5      | Entered Level 5 of the Dungeon
  5331 | D:5      | Found a staircase to the Ecumenical Temple.
  5461 | D:5      | Noticed a troll
  5477 | D:5      | Killed a troll
  6206 | Temple   | Entered the Ecumenical Temple
  6844 | D:6      | Reached XP level 9. HP: 41/72 MP: 14/14
  7241 | D:6      | Found Ywefuiss's Magic Scroll Shop.
  7246 | D:6      | Bought a scroll of fear for 35 gold pieces
  7246 | D:6      | Bought a scroll of identify for 20 gold pieces
  7246 | D:6      | Bought a scroll of identify for 20 gold pieces
  7246 | D:6      | Bought a scroll of blinking for 75 gold pieces
  9076 | D:7      | Noticed Maggie
  9090 | D:6      | Reached skill level 5 in Invocations
  9099 | D:7      | Killed Maggie
  9402 | D:7      | Reached XP level 10. HP: 77/80 MP: 17/17
  9891 | D:8      | Reached skill level 5 in Short Blades
  9891 | D:8      | Reached skill level 5 in Long Blades
  9891 | D:8      | Reached skill level 5 in Maces & Flails
  9891 | D:8      | Reached skill level 5 in Polearms
  9891 | D:8      | Reached skill level 5 in Staves
  9891 | D:8      | Reached skill level 5 in Slings
  9891 | D:8      | Reached skill level 5 in Bows
  9891 | D:8      | Reached skill level 5 in Crossbows
  9891 | D:8      | Reached skill level 5 in Throwing
  9891 | D:8      | Reached skill level 5 in Dodging
  9891 | D:8      | Reached skill level 5 in Stealth
  9891 | D:8      | Reached skill level 5 in Unarmed Combat
  9891 | D:8      | Reached skill level 5 in Spellcasting
  9891 | D:8      | Reached skill level 5 in Evocations
 10925 | D:9      | Noticed a two-headed ogre
 10935 | D:9      | Killed a two-headed ogre
 11171 | D:9      | Noticed a gargoyle
 11310 | D:9      | Found a staircase to the Lair.
 11530 | D:10     | Entered Level 10 of the Dungeon
 11530 | D:10     | Noticed an unseen horror
 11590 | Lair:1   | Entered Level 1 of the Lair of Beasts
 11788 | Lair:1   | Learned a level 1 spell: Apportation
 11797 | Lair:1   | Noticed Grum
 11803 | Lair:1   | Noticed a cane toad
 11954 | D:9      | Killed a cane toad
 11955 | D:9      | Reached XP level 11. HP: 59/87 MP: 19/19
 12080 | Lair:1   | Killed Grum
 12242 | Lair:1   | Reached skill level 5 in Conjurations
 12242 | Lair:1   | Reached skill level 5 in Hexes
 12242 | Lair:1   | Reached skill level 5 in Summonings
 12242 | Lair:1   | Reached skill level 5 in Necromancy
 12242 | Lair:1   | Reached skill level 5 in Translocations
 12242 | Lair:1   | Reached skill level 5 in Transmutations
 12242 | Lair:1   | Reached skill level 5 in Fire Magic
 12242 | Lair:1   | Reached skill level 5 in Ice Magic
 12242 | Lair:1   | Reached skill level 5 in Air Magic
 12242 | Lair:1   | Reached skill level 5 in Earth Magic
 12242 | Lair:1   | Reached skill level 5 in Poison Magic
 12894 | Lair:1   | You fall into a shaft and drop 1 floor!
 14231 | Lair:2   | Noticed a seven-headed hydra
 14272 | Lair:2   | HP: 3/89 [seven-headed hydra (10)]
 14272 | Lair:2   | Slain by a seven-headed hydra

Illustrated notes

Levels and vault maps discovered:
D:1:      onia_arrival_handbag, layout_rooms, serial_forest,
          infiniplex_forest_3_way, infiniplex_forest_lined_3,
          infiniplex_forest_straight_3, infiniplex_forest_clump_diagonal,
          infiniplex_forest_clump_large, infiniplex_forest_straight_4,
          infiniplex_forest_end_2
D:2:      layout_loops_corners, ebering_ecumenical_altar_petrified, uniq_sigmund
D:3:      layout_loops_ring, serial_shops, nicolae_shop_trees, uniq_robin,
          uniq_natasha
D:4:      layout_rooms
D:5:      layout_loops_ring, temple_green
D:6:      layout_cave_pools, serial_gnoll_camp, gnoll_camp_huts_basic,
          gnoll_camp_mini_basic, gnoll_camp_mini_basic,
          gnoll_camp_mini_sergeant, gnoll_camp_mini_doghouse, serial_shops,
          nicolae_shop_statue_plus, kennysheep_generic_room_10
D:7:      nicolae_cairo_tiling_large, layout_cave_pools, minmay_misc_feat_tower,
          uniq_maggie
D:8:      layout_loops_cross
D:9:      layout_loops_ring, dpeg_oklobed_lair
D:10:     layout_rooms, minitemple, mainiacjoe_overflow_alcove_1,
          minmay_crystal_room, uniq_fannar, uniq_snorg
Temple:   nicolae_temple_figure_eight
Lair:1:   layout_cave_pods, grunt_megastairs_5, uniq_grum
Lair:2:   layout_small_grid, grunt_forest_small_clearing_treed,
          infiniplex_staircase_pool_2

Skill      XL: |  1  2  3  4  5  6  7  8  9 10 11 |
---------------+----------------------------------+-----
Invocations    | 1 2 3 4 5 6 7 |  7.2
Short Blades   | 1 2 3 4 5 6 |  6.5
Long Blades    | 1 2 3 4 5 6 |  6.5
Maces & Flails | 1 2 3 4 5 6 |  6.5
Polearms       | 1 2 3 4 5 6 |  6.5
Staves         | 1 2 3 4 5 6 |  6.5
Slings         | 1 2 3 4 5 6 |  6.5
Bows           | 1 2 3 4 5 6 |  6.5
Crossbows      | 1 2 3 4 5 6 |  6.5
Throwing       | 1 2 3 4 5 6 |  6.5
Dodging        | 1 2 3 4 5 6 |  6.5
Stealth        | 1 2 3 4 5 6 |  6.5
Unarmed Combat | 1 2 3 4 5 6 |  6.5
Spellcasting   | 1 2 3 4 5 6 |  6.5
Evocations     | 1 2 3 4 5 6 |  6.5
Conjurations   | 1 2 3 4 5 |  5.4
Hexes          | 1 2 3 4 5 |  5.4
Summonings     | 1 2 3 4 5 |  5.4
Necromancy     | 1 2 3 4 5 |  5.4
Translocations | 1 2 3 4 5 |  5.4
Transmutations | 1 2 3 4 5 |  5.4
Fire Magic     | 1 2 3 4 5 |  5.4
Ice Magic      | 1 2 3 4 5 |  5.4
Air Magic      | 1 2 3 4 5 |  5.4
Earth Magic    | 1 2 3 4 5 |  5.4
Poison Magic   | 1 2 3 4 5 |  5.4
Axes           | 5 6 7 8 |  8.1
Fighting       | 7 8 9 |  9.3
Armour         | 7 8 9 |  9.3
Shields        | 7 8 9 |  9.3

Action                   |  1- 3 |  4- 6 |  7- 9 | 10-12 || total
-------------------------+-------+-------+-------+-------++-------
Melee: War axe           |    52 |       |       |       ||    52
       Bite              |     9 |    22 |    78 |    57 ||   166
       Dagger            |    45 |   155 |   318 |       ||   518
       Whip              |       |       |   253 |       ||   253
       Trident           |       |       |    46 |   389 ||   435
  Use: Potion            |     1 |     1 |     1 |       ||     3
       Scroll            |       |       |     8 |     6 ||    14
Armor: Scale mail        |    38 |    47 |       |       ||    85
       Ring mail         |       |    43 |   226 |   166 ||   435
Dodge: Dodged            |    25 |    56 |   257 |   195 ||   533
Block: Buckler           |    14 |       |       |       ||    14
       Tower shield      |    42 |   147 |   565 |   474 ||  1228

Table legend: (Time is in decaauts)
 A = Elapsed time spent in this place.
 B = Non-inter-level travel time spent in this place.
 C = Inter-level travel time spent in this place.
 D = Time resting spent in this place.
 E = Time spent auto-exploring this place.
 F = Levels seen in this place.
 G = Mean time per level.
                   A        B        C        D        E       F      G
               +--------+--------+--------+--------+--------+-----+--------+
         Total |  14610 |  13866 |    744 |   5092 |   5865 |  13 | 1123.8 |
       Dungeon |  11869 |  11157 |    712 |   4180 |   4729 |  10 | 1186.9 |
        Temple |    370 |    362 |      8 |      0 |    197 |   1 |  370.0 |
          Lair |   2370 |   2347 |     23 |    912 |    939 |   2 | 1185.0 |
               +--------+--------+--------+--------+--------+-----+--------+

Top non-repeatable levels by time:
  Lair:1: 1959 daAuts
     D:2: 1874 daAuts
     D:6: 1829 daAuts
     D:5: 1699 daAuts
     D:4: 1365 daAuts
     D:9: 1250 daAuts
     D:1: 1097 daAuts
     D:3: 956 daAuts
     D:8: 924 daAuts
     D:7: 871 daAuts
  Lair:2: 410 daAuts
  Temple: 370 daAuts
    D:10: 1 daAuts
